 Dungeon Crawl Stone Soup version 0.31-a0-596-g831eee08f1 (webtiles) character file.

Game seed: 16458901004060775001

56 experimilk the Ruffian (level 3, 0/33 HPs)
             Began as a Troll Gladiator on Aug 20, 2023.
             Slain by Grinder (6 damage)
             ... while paralysed by Grinder
             ... on level 3 of the Dungeon.
             The game lasted 00:03:41 (1631 turns).

experimilk the Ruffian (Troll Gladiator)            Turns: 1631, Time: 00:03:42

Health: 0/33       AC:  4    Str: 24    XL:     3   Next: 69%
Magic:  2/2        EV:  1    Int:  4    God:
Gold:   118        SH:  0    Dex: 11    Spells: 2/2 levels left

rFire   . .          .
                       - Unarmed
rCold   . . .        (no shield)
rNeg    . . .        k - +0 robe
rPois   .            b - +0 hat
rElec   .            (no cloak)
rCorr   .            (gloves unavailable)
SInv    .            (boots unavailable)
Will    .....        (no amulet)
Stlth   +            (no ring)
HPRegen 1.05/turn    (no ring)
MPRegen 0.08/turn

%: no passive effects
@: paralysed
A: large, unfitting armour, claws 3, regeneration 1, shaggy fur 1, tough skin 1
a: no special abilities


You were on level 3 of the Dungeon.
You visited 1 branch of the dungeon, and saw 3 of its levels.

You collected 118 gold pieces.

Inventory:

Missiles
 a - 5 poisoned darts (quivered)
 d - 5 javelins
 f - a large rock
 g - 3 throwing nets
 n - 6 curare-tipped darts
 p - 16 stones
Armour
 b - a +0 hat (worn)
 k - a +0 robe (worn)
Scrolls
 e - a scroll of blinking
 i - a scroll of noise {unknown}
 j - a scroll of enchant weapon {unknown}
 m - a scroll of teleportation {unknown}
Potions
 c - a potion of haste {unknown}
 h - 4 potions of curing
 l - a potion of mutation {unknown}


   Skills:
 - Level 1.5 Fighting
 + Level 2.3 Throwing
 - Level 2.4 Dodging
 * Level 4.3 Unarmed Combat


You had 2 spell levels left.
You didn't know any spells.
Your spell library contained the following spells:

 Spells                   Type           Power      Damage    Failure   Level
 Necrotise                Necr           0%         1d4       50%         1
 Vampiric Draining        Necr           0%         2d6       86%         3
 Agony                    Necr           0%         N/A       100%        5


Dungeon Overview and Level Annotations

Branches:
Dungeon (3/15)

Altars:
Sif Muna

Annotations:
D:3 Grinder


Innate Abilities, Weirdness & Mutations

You are too large for most types of armour.
You have claws for hands.
Your natural rate of healing is unusually fast.
You are covered in fur. (AC +1)
You have tough skin. (AC +1)


Message History

You see here a +0 robe.
You open the door.
Found an escape hatch in the floor.
There is an open door here.
A quokka comes into view.
You see here a scroll of blinking.
Grinder comes into view.
Grinder says, "Don't move a muscle."
Found a stone staircase leading down.
Grinder blinks!
Grinder gestures at you. You resist with significant effort.
The quokka barely misses you.
You closely miss the quokka. Grinder gestures at you.
You resist with significant effort. The quokka barely misses you.
You closely miss the quokka. The quokka barely misses you.
The quokka bites you but does no damage.
You claw Grinder!
Grinder is lightly wounded.
Grinder blinks!
The quokka barely misses you.
You closely miss the quokka. The quokka bites you.
Okay, then.
Okay, then.
You claw the quokka!
You kill the quokka!
Unknown command.
You claw Grinder!
Grinder is heavily wounded.
Grinder hits you!
You writhe in agony.
You scratch Grinder.
Grinder is heavily wounded.
Grinder gestures at you.
You suddenly lose the ability to move!
Grinder hits you. x2
You writhe in agony.
Grinder hits you!
* * * LOW HITPOINT WARNING * * *
You writhe in agony.
You die...
Grinder says, "Now the real fun starts!"

...... .#
......+ .>#
......######..#
#...........#
#..>........#
#...........#
#...........#
#......@5...#
#..?........#
#...........#
####'##########
#....# #.####
#[# #.# ##.#
###.


You could see Grinder.

Vanquished Creatures
  4 worms (D:2)
  2 dart slugs
  3 endoplasms
  4 giant cockroaches (D:1)
  4 goblins (D:1)
  5 hobgoblins
  A quokka (D:3)
  5 ball pythons (D:1)
  A bat (D:1)
  2 frilled lizards (D:1)
  2 kobolds
  4 rats
37 creatures vanquished.

Notes
Turn   | Place    | Note
-------+----------+-------------------------------------------
     0 | D:1      | experimilk the Troll Gladiator began the quest for the Orb.
     0 | D:1      | Reached XP level 1. HP: 19/19 MP: 0/0
   328 | D:1      | Reached XP level 2. HP: 27/27 MP: 1/1
   816 | D:1      | Reached skill level 4 in Unarmed Combat
   823 | D:1      | Reached XP level 3. HP: 33/33 MP: 2/2
  1027 | D:2      | Found a shimmering blue altar of Sif Muna.
  1618 | D:3      | Noticed Grinder
  1628 | D:3      | Paralysed by Grinder for 3 turns
  1631 | D:3      | Slain by Grinder

Illustrated notes

Levels and vault maps discovered:
D:1:      minmay_arrival_widening_spiral_wide, layout_loops_corners,
          minmay_misc_feat_chi
D:2:      layout_basic, basic_altar, chequers_serial_rivers_small_a,
          solitary_fountain, nicolae_wormholes
D:3:      layout_basic, lemuel_round_altar, kennysheep_generic_room_12,
          uniq_grinder, uniq_crazy_yiuf_cottage

Skill      XL: |  1  2 |
---------------+-------+-----
Throwing       | 2 |  2.3
Unarmed Combat | 4 |  4.3
Fighting       | |  1.5
Dodging        | |  2.4

Action                     || total
---------------------------++-------
  Melee: Unarmed           ||    96
    Use: Scroll            ||     2
   Stab: Sleeping          ||     1
 Armour: Robe              ||    32
  Dodge: Dodged            ||    36

Table legend: (Time is in decaauts)
 A = Elapsed time spent in this place.
 B = Non-inter-level travel time spent in this place.
 C = Inter-level travel time spent in this place.
 D = Time resting spent in this place.
 E = Time spent auto-exploring this place.
 F = Levels seen in this place.
 G = Mean time per level.
                   A        B        C        D        E       F      G
               +--------+--------+--------+--------+--------+-----+--------+
         Total |   1623 |   1594 |     29 |    107 |   1263 |   3 |  541.0 |
       Dungeon |   1623 |   1594 |     29 |    107 |   1263 |   3 |  541.0 |
               +--------+--------+--------+--------+--------+-----+--------+

Top non-repeatable levels by time:
     D:1: 840 daAuts
     D:2: 734 daAuts
     D:3: 48 daAuts
